Map: King's Cove LE

Players

Cham

  • Race: Zerg Zerg
  • Spawn Location: 11:00

Ziggy - Winner!

  • Race: Terran Terran
  • Spawn Location: 5:00

Event: 2019 WCS Summer

VOD

Have the link to the VOD?

Description

Time

  • Played on: July 12, 2019, 7:22 a.m.
  • Length: 18:21

All games in this series

Show
View Real Time Build Order
Export as new Build Order

Cham Zerg 

Build Orders: Hatch First, Brood Lord Corruptor 

Get SALT Encoding   

  12  0:00  Drone  
  13  0:08  Drone  
  14  0:17  Overlord  
  14  0:35  Drone x2  
  16  0:50  Hatchery  
  16  0:53  Drone  
  16  0:56  Drone  
  17  1:01  Drone  
  18  1:11  Extractor  
  18  1:15  Spawning Pool  
  16  1:18  Drone  
  16  1:22  Drone  
  18  1:29  Drone  
  19  1:47  Overlord  
  19  1:51  Drone  
  20  2:03  Queen x2  
  20  2:05  Zergling x4  
  26  2:16  Roach Warren  
  26  2:18  Drone  
  26  2:21  Drone  
  27  2:25  Drone  
  27  2:43  Overlord  
  26  2:47  Drone x2  
  28  2:57  Roach x3  
  34  3:03  Queen  
  36  3:09  Drone  
  37  3:15  Drone x2  
  39  3:22  Ravager  
  39  3:23  Roach  
  39  3:24  Drone  
  43  3:29  Overlord  
  43  3:37  Overlord  
  43  3:49  Drone, Roach  
  43  3:50  Roach  
  43  3:53  Drone x2  
  43  3:54  Drone  
  51  3:57  Drone  
  51  3:58  Drone  
  53  4:07  Drone x2  
  55  4:13  Roach  
  55  4:17  Overlord  
  57  4:21  Ravager  
  57  4:23  Roach  
  60  4:32  Overlord x2  
  62  4:38  Roach x2  
  62  4:39  Drone x3  
  67  4:48  Hatchery  
  67  4:52  Drone  
  67  4:54  Overlord  
  67  4:55  Drone x3  
  67  4:56  Drone  
  67  4:59  Drone  
  73  5:00  Drone, Extractor  
  73  5:04  Drone x2  
  74  5:11  Drone  
  74  5:12  Drone  
  74  5:14  Lair  
  76  5:19  Queen  
  78  5:23  Roach x2  
  78  5:27  Roach  
  74  5:31  Roach x2  
  74  5:32  Roach  
  73  5:36  Roach  
  73  5:41  Roach  
  68  5:48  Roach  
  68  5:53  Roach  
  67  5:58  Roach  
  67  5:59  Overlord  
  67  6:02  Roach  
  67  6:03  Overlord  
  71  6:05  Roach  
  71  6:12  Roach  
  71  6:14  Drone  
  71  6:17  Roach  
  71  6:18  Overlord  
  76  6:22  Queen  
  76  6:23  Queen x2  
  82  6:26  Roach  
  82  6:29  Drone x2  
  82  6:30  Drone  
  83  6:45  Drone x8  
  91  6:49  Ravager  
  92  6:55  Glial Reconstitution  
  92  6:58  Overlord  
  92  6:59  Drone  
  91  7:05  Drone  
  91  7:06  Drone x2, Overlord  
  91  7:07  Drone  
  93  7:09  Drone  
  93  7:11  Extractor x2  
  93  7:12  Drone x2  
  93  7:13  Extractor x2, Evolution Chamber  
  93  7:15  Drone  
  92  7:22  Drone  
  91  7:23  Drone, Overlord  
  91  7:24  Drone x2  
  91  7:29  Drone x2  
  96  7:30  Baneling Nest  
  96  7:36  Roach  
  95  7:41  Zerg Ground Armor Level 1  
  95  7:42  Drone x3, Evolution Chamber, Overlord  
  95  7:43  Drone  
  98  7:53  Roach x3  
  98  7:55  Metabolic Boost  
  104  8:04  Roach x2  
  104  8:07  Roach  
  104  8:10  Hatchery  
  104  8:11  Overlord  
  103  8:13  Queen  
  103  8:15  Centrifical Hooks  
  103  8:18  Roach  
  107  8:20  Roach  
  107  8:21  Zergling x6, Roach  
  107  8:22  Drone x2  
  107  8:25  Ravager x2  
  118  8:28  Drone x3, Overlord  
  118  8:29  Overlord  
  118  8:31  Drone  
  118  8:33  Infestation Pit  
  121  8:37  Roach x2  
  123  8:46  Overlord  
  123  8:49  Drone  
  123  8:50  Ravager  
  123  8:51  Drone x2  
  123  8:52  Drone x5  
  132  8:58  Spore Crawler  
  131  9:03  Zerg Melee Weapons Level 1  
  131  9:04  Drone x3  
  131  9:05  Drone x3  
  137  9:16  Zergling x6  
  140  9:17  Ravager  
  140  9:19  Ravager  
  141  9:24  Spire  
  141  9:28  Zergling x10  
  141  9:29  Zergling x2  
  141  9:31  Zergling x8  
  148  9:34  Hatchery  
  148  9:36  Zergling x8  
  153  9:41  Zergling x4  
  153  9:42  Zergling x2  
  153  9:44  Baneling x8  
  156  9:47  Zergling x4  
  156  9:49  Queen  
  156  9:52  Zergling x2  
  158  9:53  Zergling x2  
  158  9:54  Hive  
  158  9:59  Spore Crawler  
  158  10:02  Zergling x2  
  158  10:03  Zergling x20  
  158  10:04  Spore Crawler  
  168  10:09  Drone  
  161  10:19  Drone x3  
  161  10:22  Spore Crawler  
  161  10:26  Drone  
  161  10:27  Drone x6  
  166  10:28  Overlord x2  
  166  10:30  Zergling x8, Extractor  
  166  10:31  Spore Crawler  
  166  10:32  Extractor, Overlord  
  167  10:36  Baneling x4, Overlord  
  167  10:44  Overlord  
  167  10:45  Zerg Ground Armor Level 2  
  167  10:46  Baneling x2  
  167  10:47  Baneling x2, Zergling x2  
  167  10:48  Zergling x2  
  169  10:50  Zergling x4, Overlord  
  169  10:55  Zergling x4  
  173  11:03  Zergling x2  
  170  11:04  Zergling x2  
  170  11:05  Baneling x5  
  170  11:06  Zergling x2  
  168  11:16  Zergling x2, Roach x2  
  140  11:18  Roach  
  140  11:19  Zergling x4, Roach x5  
  140  11:20  Zergling x4  
  140  11:21  Zergling x2  
  140  11:23  Baneling x3  
  140  11:24  Baneling x6  
  140  11:25  Zergling x2, Ravager x3  
  153  11:26  Zergling x2  
  153  11:27  Zergling x8  
  153  11:28  Zergling x2  
  153  11:32  Greater Spire  
  160  11:33  Zergling x4  
  160  11:34  Zergling x4  
  145  11:48  Zergling x2  
  145  11:49  Zergling x20  
  145  11:51  Baneling x12  
  145  11:52  Zergling x2  
  140  11:55  Zergling x2  
  140  11:58  Zergling x4  
  140  12:00  Zergling x2  
  142  12:02  Zergling x4  
  142  12:03  Zergling x2  
  142  12:05  Zergling x4  
  143  12:09  Ravager x2  
  143  12:10  Zergling x4, Ravager x4  
  143  12:11  Zergling x4  
  143  12:12  Baneling x2  
  143  12:13  Zergling x2  
  143  12:14  Zergling x2  
  143  12:15  Zergling x2, Queen  
  156  12:18  Zergling x2  
  156  12:20  Zergling x2  
  160  12:25  Drone, Hatchery  
  160  12:28  Zergling x4, Baneling Nest  
  160  12:29  Zergling x2  
  156  12:37  Corruptor x4  
  156  12:38  Corruptor x4  
  156  12:40  Zergling x4  
  168  12:48  Zerg Flyer Weapons Level 1  
  168  12:53  Drone, Spore Crawler  
  168  12:58  Corruptor x2  
  168  13:00  Infestor, Drone x3, Extractor  
  168  13:01  Infestor  
  168  13:02  Zergling x6  
  168  13:05  Extractor  
  182  13:13  Brood Lord x3  
  181  13:24  Drone x2  
  181  13:25  Drone  
  184  13:32  Zerg Ground Armor Level 3, Zerg Melee Weapons Level 2  
  184  13:35  Brood Lord x2  
  187  13:47  Infestor  
  181  13:49  Corruptor x3  
  185  14:00  Queen  
  185  14:01  Overlord  
  186  14:03  Infestor x2  
  186  14:07  Corruptor  
  191  14:16  Viper  
  191  14:20  Drone x2  
  191  14:24  Spore Crawler x2  
  195  14:26  Spine Crawler, Spore Crawler  
  192  14:34  Brood Lord x3  
  192  14:36  Spore Crawler  
  197  14:42  Zerg Flyer Armor Level 1  
  197  14:44  Zergling x6  
  200  14:48  Infestor  
  198  14:55  Spine Crawler  
  198  14:56  Spine Crawler  
  198  14:57  Spine Crawler  
  198  14:59  Baneling x2  
  195  15:00  Baneling x2  
  195  15:01  Viper  
  196  15:18  Brood Lord x2  
  196  15:20  Spire  
  198  15:40  Spore Crawler  
  198  15:41  Spore Crawler  
  185  15:47  Infestor  
  185  15:48  Zergling x12, Roach x2  
  185  15:49  Zergling x6  
  191  15:56  Corruptor x5  
  178  16:01  Corruptor x5  
  180  16:06  Zergling x2, Corruptor  
  166  16:15  Zergling x2, Corruptor x2  
  166  16:16  Zergling x24  
  170  16:22  Zergling x2, Roach x3  
  161  16:27  Zergling x2, Roach x2  
  161  16:31  Zergling x2  
  161  16:32  Zergling x2  
  158  16:34  Zergling x2  
  158  16:35  Corruptor  
  161  16:40  Brood Lord x3  
  161  16:46  Brood Lord  
  169  16:51  Corruptor  
  171  16:58  Corruptor  
  171  17:13  Corruptor x2  
  171  17:14  Corruptor x2  
  171  17:15  Corruptor  
  171  17:19  Corruptor  
  170  17:23  Spore Crawler  
  168  17:31  Corruptor x2  
  168  17:35  Hatchery  
  163  17:41  Corruptor  
  163  17:42  Corruptor  
  163  17:43  Corruptor  
  149  17:44  Zergling x2  
  149  17:48  Zergling x8  
  142  17:52  Zergling x6  
  131  18:00  Zergling x2  
  131  18:01  Zergling x4  
Show
View Real Time Build Order
Export as new Build Order

Ziggy Terran - Winner!

Build Orders:  

Get SALT Encoding   

  12  0:00  SCV  
  13  0:12  SCV  
  14  0:18  Supply Depot  
  14  0:24  SCV  
  15  0:39  SCV  
  15  0:42  Barracks  
  16  0:45  Refinery  
  16  0:51  SCV  
  17  1:01  Barracks  
  17  1:04  SCV  
  18  1:16  SCV  
  19  1:29  Reaper  
  19  1:30  Orbital Command  
  20  1:38  Barracks  
  20  1:43  Refinery  
  20  1:48  Reaper  
  21  1:55  Supply Depot  
  21  2:01  SCV  
  22  2:05  Reaper  
  23  2:17  SCV  
  23  2:20  Reaper  
  25  2:29  SCV  
  26  2:34  Reaper  
  27  2:37  Reaper  
  28  2:50  Command Center  
  28  2:52  Reaper  
  28  2:56  Supply Depot  
  29  3:00  SCV  
  30  3:06  Reaper  
  31  3:18  SCV, Reaper  
  33  3:26  Reaper  
  34  3:28  Barracks  
  34  3:30  SCV  
  35  3:35  Barracks  
  35  3:38  Reaper  
  36  3:42  SCV  
  37  3:50  Reaper  
  37  3:54  SCV  
  39  4:01  Reaper  
  40  4:05  Orbital Command  
  40  4:06  SCV  
  41  4:10  Reaper  
  41  4:16  Reaper  
  43  4:17  Engineering Bay  
  43  4:19  SCV  
  43  4:22  Reaper  
  43  4:23  Reaper  
  46  4:30  SCV  
  46  4:31  SCV  
  48  4:35  Engineering Bay  
  48  4:38  Refinery  
  48  4:41  Reaper  
  48  4:42  SCV  
  48  4:43  SCV  
  51  4:55  Reaper, Terran Infantry Weapons Level 1  
  51  4:57  Supply Depot  
  52  5:01  Refinery  
  52  5:02  Reaper  
  52  5:05  SCV  
  54  5:16  Terran Infantry Armor Level 1  
  54  5:19  SCV  
  53  5:31  SCV  
  53  5:35  Reaper  
  53  5:37  SCV  
  53  5:43  SCV  
  53  5:47  Factory  
  53  5:52  SCV  
  53  5:53  Barracks Reactor, Barracks Tech Lab  
  53  5:55  SCV  
  53  5:57  Command Center  
  53  6:05  SCV  
  53  6:07  SCV  
  53  6:08  Barracks Tech Lab  
  55  6:12  Barracks Reactor  
  55  6:17  SCV  
  56  6:18  Barracks Tech Lab  
  56  6:19  Stimpack  
  56  6:20  SCV  
  57  6:27  Supply Depot  
  57  6:28  Marauder  
  57  6:29  SCV, Supply Depot  
  57  6:30  Factory Tech Lab  
  60  6:32  SCV  
  60  6:41  SCV  
  60  6:45  SCV, Starport  
  62  6:49  Siege Tank  
  62  6:52  Armory  
  62  6:53  SCV  
  62  6:54  Marauder, Marine  
  69  7:00  SCV  
  69  7:05  SCV  
  69  7:07  Marauder, Combat Shield, Marine x2  
  74  7:12  SCV  
  75  7:18  SCV  
  76  7:24  Starport Reactor  
  76  7:26  Missile Turret  
  76  7:27  Marine x2  
  76  7:28  Marauder, Missile Turret  
  76  7:29  Missile Turret  
  80  7:32  Missile Turret  
  80  7:36  Marine x2  
  83  7:37  Siege Tank, Marauder  
  86  7:45  Missile Turret  
  86  7:46  Orbital Command  
  86  7:53  Terran Infantry Weapons Level 2  
  86  7:57  Terran Infantry Armor Level 2  
  86  8:08  Marauder, Marine  
  86  8:11  Siege Tank  
  91  8:13  SCV x2  
  91  8:15  Refinery  
  91  8:18  Supply Depot x2  
  93  8:22  SCV  
  93  8:23  Marine  
  93  8:24  Marauder  
  93  8:26  Medivac  
  96  8:27  Medivac  
  96  8:33  Marine  
  101  8:34  Marauder  
  101  8:38  SCV  
  101  8:39  SCV  
  101  8:40  SCV  
  103  8:43  Siege Tank, Refinery  
  103  8:45  Marine  
  107  8:50  SCV  
  107  8:51  SCV  
  107  8:52  SCV  
  110  8:56  Marine  
  110  8:57  Marauder  
  110  8:58  Medivac x2  
  110  9:01  Concussive Shells  
  117  9:08  Supply Depot  
  117  9:09  SCV x3, Supply Depot  
  119  9:14  Marine  
  119  9:16  Marine x4  
  122  9:21  Siege Tank  
  125  9:24  Supply Depot  
  125  9:30  Marauder, Marine, SCV  
  129  9:32  Medivac  
  129  9:35  Marauder, Medivac  
  135  9:40  Marine  
  135  9:44  Marine  
  137  9:48  Marauder  
  137  9:51  Marauder, Marine  
  140  9:53  Siege Tank, Marine  
  140  9:56  Marauder  
  140  9:57  SCV x2  
  140  9:59  Supply Depot  
  148  10:10  Marauder, Marine  
  145  10:16  Marine  
  145  10:17  Marauder  
  148  10:23  Marauder, Marine  
  148  10:25  Siege Tank  
  148  10:26  Medivac x2  
  148  10:31  Marine x2  
  148  10:32  Marauder  
  152  10:37  Command Center  
  152  10:39  Starport  
  152  10:54  Marauder, Marine x3  
  157  11:10  Marine  
  157  11:12  Marauder, Marine, Medivac x2  
  157  11:14  Marauder  
  157  11:16  Marine, Marauder  
  157  11:17  Marine  
  145  11:22  Siege Tank  
  148  11:28  Starport Tech Lab, Marine  
  148  11:29  Supply Depot  
  148  11:31  Supply Depot  
  149  11:33  Marauder  
  149  11:34  Marine  
  149  11:35  Marauder  
  149  11:37  Marauder  
  149  11:38  Marine  
  157  11:41  Liberator x2  
  139  11:47  Marine  
  139  11:48  Marine  
  139  11:50  Banshee  
  139  11:52  Marine  
  142  11:54  Siege Tank  
  142  11:55  Marauder, Cloaking Field  
  142  11:56  Marauder  
  142  11:58  Marauder  
  151  12:11  Terran Infantry Weapons Level 3, Terran Infantry Armor Level 3  
  151  12:16  Marauder  
  151  12:21  Marine x2  
  151  12:22  Marauder x2  
  159  12:26  Siege Tank  
  162  12:30  Marine  
  162  12:32  Refinery  
  153  12:37  Marauder  
  153  12:38  Marine  
  153  12:39  Marine  
  153  12:41  Planetary Fortress  
  153  12:43  Marauder  
  149  12:45  Marine x2  
  149  12:48  Marine  
  149  12:49  SCV x2  
  152  12:56  Marine  
  153  12:59  Marine, Marauder  
  153  13:00  SCV  
  153  13:03  Marauder, Marine, Banshee  
  153  13:05  Marauder  
  165  13:07  SCV  
  165  13:09  Starport x2  
  165  13:10  Refinery  
  165  13:11  Marine  
  167  13:13  Marine  
  167  13:20  Marauder  
  167  13:25  Marauder, Missile Turret  
  167  13:26  Ghost Academy, Missile Turret  
  171  13:28  SCV x3  
  171  13:32  Marine  
  171  13:33  Marauder  
  177  13:36  Marine  
  177  13:40  Viking x2  
  182  13:42  Marauder  
  182  13:46  Banshee  
  180  13:54  Marine x4  
  180  13:55  Viking x2, Marauder x2  
  184  14:02  Marine  
  177  14:10  Viking x2  
  177  14:12  Marine x4  
  177  14:16  Marauder x2  
  187  14:20  Marine  
  188  14:29  Terran Vehicle And Ship Armor Level 1  
  188  14:30  Thor, Supply Depot  
  188  14:31  Viking  
  196  14:49  Command Center  
  196  14:51  Ghost  
  196  14:52  Marauder  
  200  15:00  Personal Cloaking  
  199  15:09  Viking  
  199  15:10  Ghost  
  199  15:19  Command Center  
  199  15:20  Command Center  
  199  15:25  Starport  
  199  15:28  Starport  
  197  15:44  Refinery  
  197  15:47  Viking x2  
  194  15:50  Marine  
  194  15:51  Marauder  
  176  16:00  Marauder, Marine  
  176  16:03  Marauder, Marine x2  
  176  16:04  Viking x5  
  184  16:08  Marine  
  181  16:12  Marauder  
  181  16:17  Viking, Marine  
  171  16:20  Marine  
  171  16:21  Marine  
  171  16:22  Marauder  
  171  16:25  Marauder  
  156  16:26  Marine  
  156  16:31  Viking  
  154  16:33  Marauder, Planetary Fortress  
  154  16:35  Marine  
  154  16:38  Marine x2  
  159  16:42  Ghost  
  159  16:44  Starport Tech Lab x2, Marine  
  159  16:45  Ghost  
  164  16:52  Starport Tech Lab  
  164  16:53  Barracks, Starport Tech Lab, Marine  
  165  16:55  Marauder  
  165  16:56  Barracks, Marine x2  
  165  16:57  Fusion Core  
  169  17:01  Marine  
  169  17:07  Viking  
  172  17:11  Marauder, Marine  
  172  17:14  Viking x2, Marine x2  
  172  17:15  Marauder  
  179  17:16  Marauder  
  179  17:18  Planetary Fortress  
  179  17:19  Marine  
  179  17:22  Viking  
  174  17:32  Ghost  
  174  17:35  Ghost  
  174  17:37  Ghost  
  174  17:38  Marine  
  174  17:41  Marine  
  141  17:45  Marine  
  133  17:53  Marine  
  133  17:56  Marine  
  124  18:00  Marine  
  124  18:03  Barracks Tech Lab  
  124  18:04  Barracks Reactor  
Tags
 
Add a new tag
Caveats
  • Supply blocks, unpowered buildings, or Contaminate may cause inaccurate times.
  • Supply counts are checked every 10 seconds.